 Dungeon Crawl Stone Soup version 0.22-a0-538-g76cc104 (webtiles) character file.

55 Hebeh the Shield-Bearer (level 3, -1/33 HPs)
             Began as a Minotaur Fighter on June 23, 2018.
             Slain by Sigmund
             ... wielding a +0 scythe
              (8 damage)
             ... on level 2 of the Dungeon.
             The game lasted 00:03:22 (1545 turns).

Hebeh the Shield-Bearer (Minotaur Fighter)          Turns: 1545, Time: 00:03:22

Health: -1/33      AC:  8    Str: 21    XL:     3   Next: 67%
Magic:  2/2        EV:  7    Int:  5    God:
Gold:   77         SH:  9    Dex: 12    Spells: 2/2 levels left

rFire    . . .     SeeInvis .   j - -3 short sword (curse)
rCold    . . .     Gourm    .   c - +0 shield
rNeg     + . .     Faith    .   b - +0 scale mail
rPois    .         Spirit   .   (helmet restricted)
rElec    .         Reflect  .   (no cloak)
rCorr    .         Harm     .   (no gloves)
MR       .....                  m - +0 pair of boots
Stlth    ..........             (no amulet)
HPRegen  0.11/turn              i - ring of positive energy
MPRegen  0.08/turn              l - +3 ring of dexterity (curse)

@: no status effects
A: retaliatory headbutt, horns 2
a: no special abilities


You were on level 2 of the Dungeon.
You were very hungry.

You visited 1 branch of the dungeon, and saw 2 of its levels.

You collected 77 gold pieces.

Inventory:

Hand Weapons
 a - a +0 war axe
 g - a +0 dagger of electrocution
 j - a cursed -3 short sword (weapon)
Armour
 b - a +0 scale mail (worn)
 c - a +0 shield (worn)
 m - a +0 pair of boots (worn)
Jewellery
 i - a ring of positive energy (left hand)
 l - a cursed +3 ring of dexterity (right hand)
Scrolls
 n - a scroll of enchant weapon {unknown}
 o - a scroll of remove curse {unknown}
Potions
 d - a potion of might
 e - a potion of heal wounds {unknown}
 k - a potion of curing {unknown}
Comestibles
 f - 4 rations


   Skills:
 + Level 4.1 Fighting
 * Level 3.6 Axes
 + Level 4.1 Armour
 + Level 4.1 Shields


You had 2 spell levels left.
You didn't know any spells.
Your spell library was empty.

Dungeon Overview and Level Annotations

Branches:
Dungeon (2/15)

Altars:
Xom

Annotations:
D:2 Sigmund


Innate Abilities, Weirdness & Mutations

You reflexively headbutt those who attack you in melee.
You have a pair of horns on your head.


Message History

You found a teleport trap!
You miss something. You headbutt something. Something hits you.
You completely miss something. Your headbutt misses something.
You block something's attack.
You closely miss something. Something hits you but does no damage.
Your scale mail prevents you from hitting something.
Something hits you.
You miss something. You headbutt something. You barely miss something.
You headbutt something! Something hits you.
You closely miss something. You headbutt something. Something hits you!
You hit something but do no damage. You headbutt something. Something hits you.
You miss something. You closely miss something. Your headbutt misses something.
You hear some strange, mumbled words.
A magic dart appears from out of thin air!
The magic dart hits you!
* * * LOW HITPOINT WARNING * * *
You hit something. Something hits you but does no damage.
You closely miss something. Something hits you!
You die...

.* ##'####.#.# #.#....#.. .*
#.....#.#.# #.#.##.#.. ,*
#.(...#.#.##### #.#....... ,*
#.....#.#.....# #.####.#.. ,*
#.....#.#.....# #.# #.#.. ,*
##.####.#.....# #.####.#.. ,*
###'## #.#..$..# #......#.. **
#....# #.#....^#############..
#....# #.....@{......,,,,,,#..
#....###.....########*****,#..
#......#.....# #.#.#
####.....#.....# #.#..
#........#.....#*******###*#.#..
#........#......,,,,,,,...*#.##.
#........########******#.#*#.##.
##.....##### #.# #.##.
...........# ##.# #.##.


There were no monsters in sight!

Vanquished Creatures
  2 adders (D:2)
  A worm (D:2)
  A dart slug (D:1)
  A ball python (D:1)
  2 giant cockroaches (D:1)
  3 goblins
  3 hobgoblins
  2 jackals (D:1)
  A quokka (D:2)
  4 bats (D:1)
  A frilled lizard (D:1)
  5 kobolds
  6 rats
32 creatures vanquished.

Notes
Turn   | Place    | Note
-------+----------+-------------------------------------------
     0 | D:1      | Hebeh the Minotaur Fighter began the quest for the Orb.
     0 | D:1      | Reached XP level 1. HP: 19/19 MP: 0/0
   105 | D:1      | Reached XP level 2. HP: 22/27 MP: 1/1
   803 | D:2      | Found a shimmering altar of Xom.
   873 | D:2      | Reached XP level 3. HP: 33/33 MP: 2/2
  1529 | D:2      | Noticed Sigmund
  1545 | D:2      | Slain by Sigmund

Vault maps used:
D:1:      evilmike_arrival_plus
D:2:      old_standard_altar, lemuel_crystal_altar, serial_forest,
          infiniplex_forest_zigzag_2, infiniplex_forest_clump_long,
          infiniplex_forest_straight_4, infiniplex_forest_lined_room_2,
          infiniplex_forest_clump_large, infiniplex_forest_clump_diagonal,
          uniq_sigmund

Skill      XL: |  1  2  3 |
---------------+----------+-----
Axes           | 3 |  3.6
Shields        | 4 |  4.1
Fighting       | 4 |  4.1
Armour         | 4 |  4.1

Action                   || total
-------------------------++-------
Melee: War axe           ||    56
       Headbutt          ||    22
       Short sword       ||    49
  Use: Scroll            ||     1
  Eat: Chunk             ||     1
Armor: Scale mail        ||    37
Dodge: Dodged            ||    18
Block: Shield            ||    40

Table legend:
 A = Spawn XP
 B = Non-spawn XP
 C = Spawn XP percentage of total XP
 D = Spawn monster count
 E = Non-spawn monster count
 F = Spawn count percentage of total count
 G = Total turns spent on level
                    A         B        C        D         E        F      G
               +---------+---------+-------+---------+---------+-------+---------
         Total |       0 |      79 |   0.0 |       0 |      32 |   0.0 |  1545
               +---------+---------+-------+---------+---------+-------+---------
           D:1 |       0 |      38 |   0.0 |       0 |      23 |   0.0 |   798
           D:2 |       0 |      41 |   0.0 |       0 |       9 |   0.0 |   747
               +---------+---------+-------+---------+---------+-------+---------
